General information
- name: Partida local (miguel)
- type: Custom game
- host: miguel
- saver: miguel
map: BanditRidge
- players: 2
- length: 59:09
- speed: Fast
- version: 1.26 W3XP
- replay type: Public
» download(296 KB)
Players
team 1 (winner)
miguel (
dark-green | 52 APM | 3063 actions | 59:09)
5 Archmage
3 Blizzard
1 Summon Water Elemental
1 Brilliance Aura
3 Mountain King
2 Storm Bolt
1 Bash
» actions
| Assign group hotkey | 45 | |
| Basic commands | 5 | |
| Build / train | 190 | |
| Enter build submenu | 117 | |
| Enter hero's abilities submenu | 10 | |
| Give item / drop item | 4 | |
| Right click | 1444 | |
| Select / deselect | 792 | |
| Select group hotkey | 163 | |
| Use ability | 291 | |
3063 total
» units
| Peasant | 45 | |
| Dragonhawk Rider | 9 | |
| Mortar Team | 9 | |
| Footman | 8 | |
| Rifleman | 9 | |
| Priest | 2 | |
| Spell Breaker | 4 | |
86 total
» upgrades
| Lumber Harvesting | 1 | |
| Priest Training | 1 | |
| Masonry | 1 | |
3 total
» buildings
| Altar of Kings | 2 | |
| Farm | 19 | |
| Arcane Vault | 5 | |
| Scout Tower | 96 | |
| Lumber Mill | 3 | |
| Arcane Tower | 9 | |
| Guard Tower | 33 | |
| Keep | 2 | |
| Blacksmith | 2 | |
| Gryphon Aviary | 2 | |
| Workshop | 2 | |
| Town Hall | 2 | |
| Barracks | 1 | |
| Arcane Sanctum | 3 | |
| Castle | 1 | |
| Cannon Tower | 4 | |
186 total
» build order
00:06 Altar of Kings
00:10 Farm
00:18 Farm
00:36 Arcane Vault
00:50 Farm
01:18 Scout Tower
01:23 Scout Tower
01:32 Farm
01:34 Scout Tower
01:42 Lumber Mill
02:11 Arcane Tower
02:22 Scout Tower
02:35 Farm
03:03 Arcane Tower
03:30 Guard Tower
03:43 Scout Tower
04:31 Keep
05:10 Scout Tower
05:12 Scout Tower
05:14 Scout Tower
05:16 Scout Tower
05:17 Scout Tower
05:31 Arcane Tower
05:37 Guard Tower
05:39 Guard Tower
05:44 Arcane Tower
05:47 Scout Tower
05:49 Scout Tower
05:49 Scout Tower
06:00 Guard Tower
06:15 Guard Tower
06:17 Guard Tower
06:19 Guard Tower
06:32 Scout Tower
06:54 Scout Tower
07:29 Guard Tower
09:54 Blacksmith
09:58 Guard Tower
10:01 Gryphon Aviary
10:37 Arcane Vault
11:01 Guard Tower
11:32 Workshop
11:41 Farm
11:43 Farm
13:01 Guard Tower
13:06 Guard Tower
13:10 Guard Tower
13:16 Scout Tower
13:17 Scout Tower
14:13 Scout Tower
14:15 Scout Tower
14:15 Scout Tower
14:16 Scout Tower
15:46 Guard Tower
15:54 Scout Tower
15:57 Scout Tower
16:16 Guard Tower
16:38 Arcane Tower
16:49 Scout Tower
17:55 Guard Tower
17:59 Town Hall
18:02 Scout Tower
18:38 Guard Tower
19:45 Scout Tower
20:08 Lumber Mill
20:25 Guard Tower
20:36 Guard Tower
20:39 Arcane Vault
22:28 Scout Tower
22:30 Scout Tower
22:32 Scout Tower
22:33 Scout Tower
23:04 Guard Tower
26:18 Scout Tower
26:52 Guard Tower
26:55 Scout Tower
26:56 Scout Tower
27:03 Scout Tower
27:05 Scout Tower
27:22 Guard Tower
27:49 Guard Tower
28:13 Arcane Tower
29:04 Town Hall
29:30 Guard Tower
29:46 Altar of Kings
30:10 Arcane Tower
30:41 Scout Tower
30:58 Scout Tower
31:00 Scout Tower
31:28 Guard Tower
31:33 Scout Tower
31:38 Scout Tower
31:47 Barracks
31:58 Arcane Vault
32:12 Guard Tower
32:32 Farm
33:03 Scout Tower
33:03 Scout Tower
33:04 Scout Tower
33:35 Keep
33:39 Scout Tower
33:40 Guard Tower
33:57 Farm
33:59 Farm
34:33 Guard Tower
34:51 Farm
35:01 Scout Tower
35:03 Scout Tower
35:16 Blacksmith
35:53 Guard Tower
36:05 Guard Tower
36:16 Scout Tower
36:32 Gryphon Aviary
36:43 Scout Tower
36:45 Scout Tower
36:48 Scout Tower
36:49 Guard Tower
37:58 Arcane Sanctum
38:07 Arcane Sanctum
38:29 Farm
38:39 Workshop
39:06 Farm
39:08 Farm
39:09 Farm
39:16 Arcane Vault
42:03 Arcane Sanctum
42:45 Farm
42:47 Farm
43:37 Castle
45:23 Scout Tower
45:25 Scout Tower
45:26 Scout Tower
45:28 Scout Tower
45:50 Guard Tower
45:53 Guard Tower
45:55 Arcane Tower
45:57 Scout Tower
45:59 Arcane Tower
46:23 Farm
46:27 Farm
50:34 Scout Tower
50:36 Scout Tower
50:44 Scout Tower
51:19 Cannon Tower
51:21 Scout Tower
51:31 Cannon Tower
51:33 Scout Tower
51:33 Scout Tower
51:33 Scout Tower
51:34 Scout Tower
51:34 Scout Tower
51:34 Scout Tower
51:34 Scout Tower
51:35 Scout Tower
51:41 Scout Tower
52:04 Scout Tower
52:07 Scout Tower
52:07 Scout Tower
52:08 Scout Tower
52:09 Scout Tower
52:10 Scout Tower
52:10 Scout Tower
52:47 Scout Tower
52:49 Scout Tower
52:51 Scout Tower
52:54 Scout Tower
52:57 Scout Tower
52:58 Scout Tower
53:00 Scout Tower
53:02 Scout Tower
53:05 Scout Tower
53:06 Scout Tower
53:07 Scout Tower
53:13 Scout Tower
53:17 Scout Tower
53:17 Scout Tower
53:18 Scout Tower
53:19 Scout Tower
53:20 Scout Tower
53:22 Scout Tower
53:31 Scout Tower
55:17 Cannon Tower
56:27 Scout Tower
56:31 Scout Tower
57:18 Lumber Mill
58:59 Cannon Tower
» items
| Scroll of Regeneration | 7 | |
| Lesser Clarity Potion | 5 | |
| Potion of Healing | 6 | |
| Ivory Tower | 10 | |
| Scroll of Town Portal | 5 | |
| Potion of Mana | 2 | |
| Scroll of Healing | 2 | |
| Potion of Lesser Invulnerability | 2 | |
| Staff of Teleportation | 1 | |
| Periapt of Vitality | 1 | |
| Potion of Invisibility | 1 | |
42 total
team 2 (loser)
kodachi (
pink | 47 APM | 2674 actions | 56:49)
6 Shadow Hunter
1 Hex
3 Healing Wave
1 Serpent Ward
1 Big Bad Voodoo
5 Far Seer
3 Chain Lighting
2 Feral Spirit
» actions
| Assign group hotkey | 23 | |
| Basic commands | 15 | |
| Build / train | 75 | |
| Enter build submenu | 24 | |
| Enter hero's abilities submenu | 12 | |
| Give item / drop item | 4 | |
| Remove unit from queue | 2 | |
| Right click | 1693 | |
| Select / deselect | 508 | |
| Select group hotkey | 135 | |
| Use ability | 183 | |
2674 total
» units
| Peon | 11 | |
| Grunt | 9 | |
| Troll Headhunter/Berserker | 13 | |
| Demolisher | 6 | |
| Wind Rider | 1 | |
| Spirit Walker | 2 | |
| Tauren | 2 | |
44 total
» upgrades
| Spiked Barricades | 1 | |
| Pillage | 1 | |
| Armor | 1 | |
| Troll Regeneration | 1 | |
| Ranged Weapons | 1 | |
| Berserker Strength | 1 | |
| Burning Oil | 1 | |
| Spirit Walker Training | 1 | |
| Berserker Upgrade | 0 | |
8 total
» buildings
| Altar of Storms | 1 | |
| Orc Burrow | 6 | |
| War Mill | 2 | |
| Barracks | 2 | |
| Voodoo Lounge | 1 | |
| Watch Tower | 7 | |
| Stronghold | 1 | |
| Fortress | 1 | |
| Beastiary | 1 | |
| Spirit Lodge | 1 | |
| Tauren Totem | 2 | |
25 total
» build order
00:09 Altar of Storms
00:13 Orc Burrow
00:31 War Mill
01:05 Barracks
01:35 Voodoo Lounge
02:31 Watch Tower
02:40 Orc Burrow
04:34 Watch Tower
06:32 Stronghold
07:12 Barracks
07:58 Watch Tower
08:22 Orc Burrow
09:48 Orc Burrow
11:42 Watch Tower
11:43 Watch Tower
11:44 Watch Tower
11:44 Watch Tower
12:03 War Mill
14:24 Orc Burrow
15:55 Fortress
16:20 Beastiary
16:37 Orc Burrow
18:03 Spirit Lodge
20:48 Tauren Totem
20:56 Tauren Totem
» items
| Lesser Clarity Potion | 4 | |
| Scroll of Speed | 1 | |
| Periapt of Vitality | 1 | |
6 total
Chat log
(50:23 / All) kodachi: ya em has ganao cabron
(51:23 / All) kodachi: se un poco lenta tu táctica
(51:27 / All) miguel: bueno pero he tenido que usar ejercito
(51:28 / All) kodachi: pero no puedo quitarte las minas
(52:01 / All) kodachi: te vas a pasra media vida pa matarme la base
(53:10 / All) kodachi: es verda que también tienes torres de demolición
(53:26 / All) miguel: una polla XD
(53:35 / All) miguel: de torres
(54:24 / All) kodachi: menudos asedios más lentos
(54:26 / All) miguel: bueno pero la mayor parte del tiempo
(54:30 / All) miguel: no tenia ejercito XD
(54:34 / All) kodachi: jajaj
(54:41 / All) miguel: te he matado lenta y dolorasamente como mereces jaja
(54:53 / All) kodachi: claro no tenías ejército y te estaba follando
(55:05 / All) miguel: kien ha ganado al final xD ?
(55:12 / All) kodachi: jajajajaaj
(55:22 / All) kodachi: achoo
(55:30 / All) kodachi: atacame ya con to lo que tienes
(56:00 / All) miguel: es k te estoy haciendo un dibujo de una polla
(56:09 / All) kodachi: jajajaj
(56:14 / All) kodachi: luego me pasas la repe